 Dungeon Crawl Stone Soup version 0.28-a0-1613-gdaab1c2f9b (webtiles) character file.

Game seed: 2127411896930626554

2352 murtidash the Destroyer (level 9, 0/45 HPs)
             Began as a Tengu Air Elementalist on Jan 21, 2022.
             Was a Follower of Vehumet.
             Slain by Harold (3 damage)
             ... on level 7 of the Dungeon.
             The game lasted 00:18:58 (10236 turns).

murtidash the Destroyer (Tengu Air Elementalist)   Turns: 10236, Time: 00:18:58

Health: 0/45       AC:  6    Str:  8    XL:     9   Next: 43%
Magic:  2/17       EV:  8    Int: 19    God:    Vehumet [*.....]
Gold:   446        SH:  0    Dex: 16    Spells: 3/17 levels left

rFire   . . .      SeeInvis .   y - +5 dagger
rCold   . . .      Faith    .   (no shield)
rNeg    . . .      Spirit   .   a - +0 robe
rPois   .          Reflect  .   (helmet restricted)
rElec   .          Harm     .   (no cloak)
rCorr   .          Rampage  .   (no gloves)
Will    .....                   (boots unavailable)
Stlth   ++........              (no amulet)
HPRegen 0.15/turn               G - +4 ring of protection
MPRegen 0.15/turn               (no ring)

@: flying quickly and evasively, very slightly contaminated, held, quick
A: beak, talons 3, nimble flight
a: Renounce Religion


You were on level 7 of the Dungeon.
You worshipped Vehumet.
Vehumet was aware of your devotion.
You visited 2 branches of the dungeon, and saw 8 of its levels.

You collected 446 gold pieces.

Inventory:

Hand Weapons
 y - a +5 dagger (weapon)
   (You took it off a wight on level 5 of the Dungeon)
Armour
 a - a +0 robe (worn)
 e - a +2 leather armour of fire resistance
   (You took it off a goblin on level 2 of the Dungeon)
 f - a +0 cloak
   (You found it on level 2 of the Dungeon)
 r - a +2 leather armour of willpower
   (You took it off Ijyb on level 3 of the Dungeon)
Jewellery
 G - a +4 ring of protection (left hand)
   (You found it on level 6 of the Dungeon)
Wands
 q - a wand of digging (5)
   (You took it off Ijyb on level 3 of the Dungeon)
 A - a wand of charming (10)
   (You found it on level 5 of the Dungeon)
 E - a wand of flame (20)
   (You found it on level 6 of the Dungeon)
Scrolls
 b - a scroll of enchant weapon {unknown}
 c - 3 scrolls of vulnerability {unknown}
 d - a scroll of fog {unknown}
 g - 5 scrolls of immolation {unknown}
 m - 2 scrolls of blinking {unknown}
 p - 2 scrolls of amnesia {unknown}
 t - 2 scrolls of noise {unknown}
 u - 6 scrolls of identify {unknown}
 v - 3 scrolls of teleportation {unknown}
 w - a scroll of magic mapping {unknown}
 B - a scroll of brand weapon {unknown}
 F - a scroll of summoning {unknown}
Potions
 h - a potion of lignification {unknown}
 i - 2 potions of brilliance {unknown}
 j - 2 potions of mutation {unknown}
 k - a potion of might {unknown}
 l - a potion of flight {unknown}
 n - 2 potions of ambrosia {unknown}
 o - a potion of cancellation {unknown}
 s - 2 potions of heal wounds {unknown}
 x - a potion of berserk rage {unknown}
 C - a potion of magic {unknown}
 D - a potion of haste {unknown}


   Skills:
 - Level 2.1 Dodging
 - Level 2.0 Stealth
 - Level 4.9 Spellcasting
 * Level 10.9 Conjurations
 + Level 9.2 Air Magic
 - Level 4.0 Poison Magic


You had 3 spell levels left.
You knew the following spells:

 Your Spells              Type           Power      Damage    Failure   Level
a - Shock                 Conj/Air       100%       1d9       1%          1
c - Airstrike             Air            19%        N/A       2%          4
s - Swiftness             Air            39%        N/A       1%          3
x - Mephitic Cloud        Conj/Pois/Air  35%        N/A       1%          3
X - Magic Dart            Conj           100%       1d8       1%          1
Z - Static Discharge      Conj/Air       43%        N/A       1%          2

Your spell library contained the following spells:

 Spells                   Type           Power      Damage    Failure   Level
 Sandblast                Erth           8%         2d5       13%         1
 Freeze                   Ice            16%        1d4       13%         1
 Spider Form              Tmut/Pois      12%        N/A       17%         3
 Call Imp                 Summ           4%         N/A       19%         2
 Ensorcelled Hibernation  Hex/Ice        8%         N/A       19%         2
 Sublimation of Blood     Necr           4%         N/A       19%         2
 Wereblood                Tmut           4%         N/A       19%         2
 Frozen Ramparts          Ice            8%         1d2       36%         3
 Hailstorm                Conj/Ice       25%        3d7       13%         4
 Anguish                  Hex/Necr       2%         N/A       77%         4
 Summon Hydra             Summ           2%         N/A       100%        7


Dungeon Overview and Level Annotations

Branches:
Dungeon (7/15)             Temple (1/1) D:5

Altars:
Ashenzari
Cheibriados
Dithmenos
Elyvilon
Fedhas
Gozag
Hepliaklqana
Kikubaaqudgha
Makhleb
Nemelex Xobeh
Okawaru
Qazlal
Ru
Sif Muna
Trog
Uskayaw
Vehumet
Wu Jian
Xom
Zin
The Shining One

Annotations:
D:4 exclusion: door
D:6 3 runed translucent doors, Theoretic's ghost, novice TeAE
D:7 Harold


Innate Abilities, Weirdness & Mutations

You have a beak for a mouth.
You have claws for feet.
Your magical nature lets you fly swiftly and evasively.


Message History

There is a stone staircase leading down here.
A steam dragon comes into view.
The steam dragon hisses angrily.
You see here a bubbling cyan potion.
Aim: a steam dragon (74% to hit)
The zap misses the steam dragon.
You now have 16/17 mp.
Aim: a steam dragon (74% to hit)
The zap hits the steam dragon but does no damage.
You now have 15/17 mp.
Aim: a steam dragon (74% to hit)
The zap hits the steam dragon.
You now have 14/17 mp.
Aim: a steam dragon (lightly wounded, 74% to hit)
The zap hits the steam dragon!
You now have 13/17 mp.
Aim: a steam dragon (heavily wounded, 74% to hit)
The zap hits the steam dragon.
You now have 12/17 mp.
Aim: a steam dragon (heavily wounded, 74% to hit)
The zap misses the steam dragon.
You now have 11/17 mp.
Aim: a steam dragon (heavily wounded, 74% to hit)
The zap hits the steam dragon.
The steam dragon bites you.
The steam dragon claws you but does no damage.
You take 6 damage, and have 39/45 hp.
Aim: a steam dragon (severely wounded, 74% to hit)
The zap hits the steam dragon!
The steam dragon breathes steam at you. The ball of steam hits you!
You take 10 damage, and have 29/45 hp.
MASSIVE DAMAGE!!
You now have 10/17 mp.
Aim: a steam dragon (almost dead, catching its breath, 74% to hit)
The zap hits the steam dragon!
You kill the steam dragon!
Vehumet accepts your kill.
You are engulfed in a cloud of scalding steam.
You now have 9/17 mp.
You can't see any susceptible monsters within range! (Use Z to cast anyway.) You're standing in a cloud of steam!
You're standing in a cloud of steam!
You're standing in a cloud of steam!
j - 2 bubbling cyan potions (gained 1)
A sky beast comes into view.
Health restored: 45; MP restored: 17
Aim: a sky beast (asleep, empty space bonus: 5/8)
The air twists around and strikes the sky beast!
You now have 13/17 mp.
Aim: a sky beast (severely wounded, empty space bonus: 8/8)
The air twists around and strikes the sky beast!
You kill the sky beast!
Vehumet accepts your kill.
You feel your power returning.
You now have 11/17 mp.
Found a stone staircase leading up.
MP restored: 17
There is a stone staircase leading up here.
Harold the Weathered comes into view.
He is wielding a +3 vorpal long sword.
Harold throws a throwing net.
The throwing net hits you.
You become entangled in the net!
You see here a throwing net {=f, !d}.
You struggle against the net.
You tear a large gash into the net.
You struggle against the net.
You rip the net and break free!
You don't know that spell.
Unknown command.
The air twists around and strikes Harold!
Harold says, "I was hoping my final job would be more of a challenge, but money is money."
You now have 13/17 mp.
You miscast Airstrike.
You are very lightly contaminated with residual magic.
Nothing appears to happen.
You now have 9/17 mp.
Okay, then.
Harold throws a throwing net.
The throwing net hits you.
You become entangled in the net!
You see here a throwing net {=f, !d}.
The air twists around and strikes Harold!
You now have 5/17 mp.
The air twists around and strikes Harold!!
You now have 2/17 mp.
You don't have enough magic to cast this spell.
Unknown command.
Okay, then.
Okay, then.
Unknown command.
You tear a large gash into the net.
Harold hits you with a +3 vorpal long sword!
You take 20 damage, and have 25/45 hp.
MASSIVE DAMAGE!!
You struggle against the net.
Harold hits you with a +3 vorpal long sword!
* * * LOW HITPOINT WARNING * * *
x2 You take 19 damage, and have 6/45 hp.
MASSIVE DAMAGE!!
Okay, then.
You feel better. Harold completely misses you.
You regained 6 hp, and now have 12/45 hp.
You struggle against the net.
Harold hits you with a +3 vorpal long sword!
* * * LOW HITPOINT WARNING * * *
You die...

..# #... ###?.
#######..#
#....#...#
#........##
###.........#
#......@....#
.......#.....@...)##
.....###...........#
.... #...........#
... #...........##
... ..
#............# #...
. ##.....###...##
#.... #######
#....## ##....
##....###.....
#.....##.....


You could see Harold.

Vanquished Creatures
  Eustachio (D:5)
  A steam dragon (D:7)
  3 sky beasts
  An ogre (D:6)
  A necrophage (D:6)
  An orc warrior (D:6)
  An ice beast (D:5)
  A kobold brigand (D:7)
  A phantom (D:3)
  A scorpion (D:5)
  A wyvern zombie (D:5)
  A water moccasin skeleton (D:4)
  6 wights (D:5)
  2 centaur zombies
  4 hounds
  3 orc priests (D:6)
  A gnoll shaman (D:4)
  A jelly (D:3)
  Ijyb (D:3)
  3 iguanas
  5 orc wizards
  8 gnolls
  9 adders
  An ufetubus (D:5)
  An adder skeleton (D:4)
  5 worms
  8 dart slugs
  26 orcs
  8 ball pythons
  9 bats
  9 endoplasms
  5 giant cockroaches
  6 goblins
  7 hobgoblins
  3 quokkas
  6 frilled lizards
  15 kobolds
  3 rats
169 creatures vanquished.

Vanquished Creatures (others)
  36 plants
36 creatures vanquished.

Grand Total: 205 creatures vanquished

Notes
Turn   | Place    | Note
-------+----------+-------------------------------------------
     0 | D:1      | murtidash the Tengu Air Elementalist began the quest for
                  | the Orb.
     0 | D:1      | Reached XP level 1. HP: 10/10 MP: 4/4
   463 | D:2      | Reached skill level 2 in Conjurations
   463 | D:2      | Reached XP level 2. HP: 7/15 MP: 0/6
   466 | D:2      | HP: 3/15 [poisoned by an adder]
   506 | D:2      | HP: 3/15 [goblin (1)]
   859 | D:2      | Reached XP level 3. HP: 19/19 MP: 3/7
   862 | D:2      | Learned a level 2 spell: Static Discharge
   866 | D:2      | Learned a level 3 spell: Swiftness
  1065 | D:2      | Reached skill level 3 in Conjurations
  1065 | D:2      | Reached XP level 4. HP: 24/24 MP: 5/9
  1221 | D:1      | Reached skill level 5 in Air Magic
  1734 | D:1      | Reached skill level 3 in Spellcasting
  2055 | D:1      | Learned a level 3 spell: Mephitic Cloud
  2368 | D:2      | Found a faded altar of an unknown god.
  2596 | D:2      | Gained mutation: Your magical nature lets you fly swiftly
                  | and evasively. [Tengu growth]
  2596 | D:2      | Reached XP level 5. HP: 28/28 MP: 4/10
  3331 | D:2      | Learned a level 1 spell: Magic Dart
  3565 | D:3      | Noticed Ijyb
  3589 | D:3      | Killed Ijyb
  3590 | D:3      | Reached skill level 4 in Conjurations
  3590 | D:3      | Reached skill level 1 in Poison Magic
  4010 | D:3      | Reached XP level 6. HP: 32/32 MP: 5/12
  4882 | D:4      | Noticed a sky beast
  4955 | D:4      | Reached skill level 6 in Air Magic
  5025 | D:4      | Reached skill level 2 in Poison Magic
  5324 | D:3      | Reached skill level 5 in Conjurations
  5324 | D:3      | Reached XP level 7. HP: 16/36 MP: 3/13
  5756 | D:4      | Reached skill level 4 in Spellcasting
  5761 | D:4      | Learned a level 4 spell: Airstrike
  5979 | D:4      | Reached skill level 6 in Conjurations
  6124 | D:5      | Entered Level 5 of the Dungeon
  6245 | D:5      | Found a staircase to the Ecumenical Temple.
  6253 | D:5      | Reached skill level 3 in Poison Magic
  6259 | Temple   | Entered the Ecumenical Temple
  6452 | Temple   | Became a worshipper of Vehumet
  6612 | D:5      | Reached XP level 8. HP: 41/41 MP: 5/15
  6675 | D:5      | Reached skill level 7 in Air Magic
  6804 | D:5      | Reached skill level 7 in Conjurations
  7483 | D:5      | Noticed Eustachio
  7531 | D:5      | Killed Eustachio
  7696 | D:5      | Reached skill level 8 in Conjurations
  7696 | D:5      | Reached skill level 4 in Poison Magic
  8243 | D:6      | Noticed a gargoyle
  8248 | D:6      | Noticed Theoretic's ghost (novice TeAE)
  8251 | D:6      | Noticed a manticore
  8267 | D:6      | Reached skill level 8 in Air Magic
  8273 | D:6      | Reached skill level 9 in Conjurations
  8316 | D:6      | Reached * piety under Vehumet
  8316 | D:6      | Offered knowledge of Sandblast by Vehumet.
  8469 | D:6      | Found a runed translucent gate.
  8469 | D:6      | Found a runed translucent gate.
  8506 | D:6      | Found a runed translucent gate.
  8626 | D:6      | Reached XP level 9. HP: 45/45 MP: 10/17
  9068 | D:6      | Reached skill level 10 in Conjurations
  9751 | D:7      | Reached skill level 9 in Air Magic
 10221 | D:7      | Noticed Harold
 10234 | D:7      | HP: 8/45 [Harold (17)]
 10236 | D:7      | HP: 3/45 [Harold (9)]
 10236 | D:7      | Slain by Harold

Illustrated notes

Levels and vault maps discovered:
D:1:      beargit_arrival_diablo_church, layout_basic
D:2:      minmay_razor_zed, layout_loops_ring,
          hellmonk_ecumenical_altar_pennies_from_heaven
D:3:      layout_basic, chequers_serial_rivers_large_a,
          minmay_misc_feat_encased, chequers_decorated_corner,
          chequers_mini_garden, uniq_ijyb
D:4:      layout_gridville, nicolae_grassy_gnolls
D:5:      layout_loops_cross, minmay_temple_entry_mist, serial_bayou_pond_c,
          minmay_stone_trees_small, uniq_eustachio
D:6:      layout_basic, gammafunk_ghost_split, minmay_fractal_squares_gapless_5
D:7:      layout_cave_pods, uniq_harold
Temple:   mainiacjoe_temple_starburst

Skill      XL: |  1  2  3  4  5  6  7  8  9 |
---------------+----------------------------+-----
Conjurations   | 2 3 4 5 6 9 10 | 10.9
Air Magic      | 5 6 8 9 |  9.2
Spellcasting   | 3 4 |  4.9
Poison Magic   | 1 2 3 4 |  4.0
Dodging        | |  2.1
Stealth        | |  2.0

Action                   |  1- 3 |  4- 6 |  7- 9 || total
-------------------------+-------+-------+-------++-------
Melee: Unarmed           |     8 |       |       ||     8
       Peck              |     4 |     3 |       ||     7
       Kick              |     2 |     3 |     1 ||     6
       Dagger            |       |     8 |     2 ||    10
 Cast: Shock             |    48 |   232 |   215 ||   495
       Static Discharge  |       |     1 |       ||     1
       Airstrike         |       |       |    28 ||    28
       Magic Dart        |       |       |     2 ||     2
  Use: Potion            |       |       |     1 ||     1
Armor: Robe              |     2 |     7 |    14 ||    23
Dodge: Dodged            |    14 |    51 |    63 ||   128

Table legend: (Time is in decaauts)
 A = Elapsed time spent in this place.
 B = Non-inter-level travel time spent in this place.
 C = Inter-level travel time spent in this place.
 D = Time resting spent in this place.
 E = Time spent auto-exploring this place.
 F = Levels seen in this place.
 G = Mean time per level.
                   A        B        C        D        E       F      G
               +--------+--------+--------+--------+--------+-----+--------+
         Total |   9861 |   9626 |    235 |    500 |   7619 |   8 | 1232.6 |
       Dungeon |   9635 |   9449 |    186 |    500 |   7451 |   7 | 1376.4 |
        Temple |    226 |    178 |     48 |      0 |    167 |   1 |  226.0 |
               +--------+--------+--------+--------+--------+-----+--------+

Top non-repeatable levels by time:
     D:2: 2107 daAuts
     D:5: 1671 daAuts
     D:3: 1597 daAuts
     D:6: 1466 daAuts
     D:1: 1218 daAuts
     D:4: 1032 daAuts
     D:7: 543 daAuts
  Temple: 226 daAuts

Table legend:
 A = Kills in this place as a percentage of kills in entire the game.
 B = Kills by you in this place as a percentage of kills by you in the entire game.
 C = Kills by friends in this place as a percentage of kills by friends in the entire game.
 D = Other kills in this place as a percentage of other kills in the entire game.
 E = Experience gained in this place as a percentage of experience gained in the entire game.
 F = Experience gained in this place divided by the number of levels of this place that you have seen.
                   A       B       C       D       E      F
               +-------+-------+-------+-------+-------+----------------------
         Total | 100.0 | 100.0 |   N/A |   N/A | 100.0 | 420.1
       Dungeon | 100.0 | 100.0 |   N/A |   N/A | 100.0 | 480.1
               +-------+-------+-------+-------+-------+----------------------
